 Dungeon Crawl Stone Soup version 0.27.0-1-g7a089689b8 (webtiles) character file.

Game seed: 6792473401800968679

26565 daftaero the Fighter (level 12, -5/100 HPs)
             Began as a Demonspawn Gladiator on Aug 13, 2021.
             Was the Champion of Okawaru.
             Slain by an 18-headed hydra (7 damage)
             ... on level 4 of the Lair of Beasts.
             The game lasted 00:37:11 (16013 turns).

daftaero the Fighter (Demonspawn Gladiator)        Turns: 16013, Time: 00:37:11

Health: -5/100     AC: 17    Str: 16    XL:     12   Next: 99%
Magic:  14/15      EV: 16    Int: 11    God:    Okawaru [******]
Gold:   646        SH: 11    Dex: 17    Spells: 11/15 levels left

rFire    + . .     SeeInvis +   H - +6 scimitar
rCold    . . .     Faith    .   g - +1 buckler
rNeg     . . .     Spirit   .   v - +2 scale mail {rF+}
rPois    +         Reflect  +   X - +1 hat
rElec    .         Harm     .   x - +2 cloak {rPois}
rCorr    .         Rampage  .   J - +0 pair of gloves
Will     .....                  p - +0 pair of boots
Stlth    +.........             R - amulet of reflection
HPRegen  0.26/turn              u - +4 ring of slaying
MPRegen  0.14/turn              D - ring of see invisible

@: studying Maces & Flails
A: talons 2, demonic guardian 3, foul stench 1, sturdy frame 2
a: Renounce Religion, Heroism, Finesse


You were on level 4 of the Lair of Beasts.
You worshipped Okawaru.
Okawaru was exalted by your worship.
You visited 3 branches of the dungeon, and saw 17 of its levels.
You also visited: Sewer.

You collected 943 gold pieces.
You spent 297 gold pieces at shops.

Inventory:

Hand Weapons
 f - a +0 hunting sling
 F - the +6 rapier of Instant Death {vorpal, Fragile rC+ Stlth+}
   (You bought it in a shop on level 6 of the Dungeon)

   It inflicts extra damage upon your enemies.
   rC:        It protects you from cold.
   Fragile:   It will be destroyed if unequipped.
   Stlth:     It makes you more stealthy.
 H - a +6 scimitar (weapon)
Missiles
 d - a throwing net (quivered)
 C - 2 javelins
Armour
 g - a +1 buckler (worn)
 p - a +0 pair of boots (worn)
 v - a +2 scale mail of fire resistance (worn)
 x - a +2 cloak of poison resistance (worn)
 J - a +0 pair of gloves (worn)
 M - a +2 ring mail of cold resistance
 T - a +0 kite shield
 X - a +1 hat (worn)
Jewellery
 a - the ring "Rocun" {+Blink rF- rC+ Int-4 Slay+6 Stlth+}
   (You took it off an orc wizard on level 7 of the Dungeon)

   [ring of protection from cold]

   Int:       It affects your intelligence (-4).
   Slay:      It affects your accuracy & damage with ranged weapons and melee
   (+6).
   rF:        It makes you vulnerable to fire.
   rC:        It protects you from cold.
   +Blink:    It lets you blink.
   Stlth:     It makes you more stealthy.
 u - a +4 ring of slaying (left hand)
 D - a ring of see invisible (right hand)
 N - a ring of flight
 R - an amulet of reflection (around neck)
Wands
 t - a wand of paralysis (24)
 w - a wand of mindburst (38)
 A - a wand of polymorph (17)
 B - a wand of flame (43)
 G - a wand of iceblast (16)
 U - a wand of charming (6)
Scrolls
 b - 7 scrolls of identify
 j - 2 scrolls of enchant armour
 k - 5 scrolls of teleportation
 q - a scroll of fog
 s - 2 scrolls of amnesia
 y - a scroll of silence
 L - 3 scrolls of fear
 O - a scroll of brand weapon {unknown}
 S - 2 scrolls of blinking
Potions
 c - a potion of invisibility {unknown}
 e - 5 potions of flight {unknown}
 h - 4 potions of curing
 i - 3 potions of attraction {unknown}
 l - 2 potions of lignification {unknown}
 m - 3 potions of resistance {unknown}
 n - a potion of might
 o - 2 potions of degeneration {unknown}
 r - 4 potions of heal wounds {unknown}
 z - 4 potions of magic {unknown}
 E - 2 potions of mutation {unknown}
 I - 2 potions of berserk rage {unknown}
 K - a potion of ambrosia {unknown}
 P - a potion of brilliance {unknown}
 Q - a potion of cancellation {unknown}
 V - a potion of experience {unknown}


   Skills:
 + Level 11.1 Fighting
 + Level 10.5 Long Blades
 - Level 4.0(4.2) Slings
 - Level 1.7(3.1) Throwing
 + Level 9.0 Armour
 + Level 9.4 Dodging
 - Level 4.2 Shields
 - Level 2.3 Spellcasting
 - Level 2.5 Conjurations
 + Level 0.7 Hexes


You had 11 spell levels left.
You knew the following spells:

 Your Spells              Type           Power      Damage    Failure   Level
a - Fulminant Prism       Conj/Hex       2%         3d6       90%         4

Your spell library contained the following spells:

 Spells                   Type           Power      Damage    Failure   Level
 Apportation              Tloc           2%         N/A       38%         1
 Summon Small Mammal      Summ           4%         N/A       38%         1
 Ensorcelled Hibernation  Hex/Ice        4%         N/A       47%         2
 Portal Projectile        Hex/Tloc       4%         N/A       71%         3
 Summon Guardian Golem    Hex/Summ       2%         N/A       71%         3
 Call Canine Familiar     Summ           1%         N/A       77%         3
 Gell's Gravitas          Tloc           0%         N/A       77%         3
 Spider Form              Tmut/Pois      0%         N/A       77%         3
 Teleport Other           Tloc           1%         N/A       77%         3
 Iskenderun's Mystic Bla  Conj/Tloc      4%         2d3       94%         4
 Leda's Liquefaction      Hex/Erth       1%         N/A       98%         4
 Petrify                  Tmut/Erth      1%         N/A       99%         4
 Summon Ice Beast         Ice/Summ       1%         N/A       99%         4
 Lee's Rapid Deconstruct  Erth           0%         3d5*      100%        5
 Metabolic Englaciation   Hex/Ice        1%         N/A       100%        5
 Summon Mana Viper        Hex/Summ       2%         N/A       100%        5
 Conjure Ball Lightning   Conj/Air       2%         3x3d6     100%        6
 Dispersal                Tloc           0%         N/A       100%        6
 Shadow Creatures         Summ           N/A        N/A       100%        6
 Statue Form              Tmut/Erth      0%         N/A       100%        6
 Monstrous Menagerie      Summ           0%         N/A       100%        7
 Discord                  Hex            1%         N/A       100%        8
 Disjunction              Tloc           0%         N/A       100%        8


Dungeon Overview and Level Annotations

Branches:
Dungeon (12/15)            Temple (1/1) D:7            Lair (4/6) D:8
  Snake (0/4) Lair:3        Sewer (visited)
  Swamp: Lair:2-4    Shoals: Lair:2-4       Orc: D:9-12

Altars:
Ashenzari
Cheibriados
Dithmenos
Elyvilon
Fedhas
Gozag
Hepliaklqana
Kikubaaqudgha
Makhleb
Nemelex Xobeh
Okawaru
Qazlal
Ru
Sif Muna
Trog
Uskayaw
Vehumet
Wu Jian
Xom
Yredelemnul
Zin
The Shining One

Shops:
D:2 *   D:6 (

Portals:
Trove: D:10 (give horn of Geryon)

Annotations:
D:10 1 transporter


Innate Abilities, Weirdness & Mutations

You have razor-sharp toenails.
A powerful demonic guardian rushes to your aid.
You may rarely emit foul miasma when damaged in melee.
Your movements are less encumbered by armour. (ER -4)


Message History

The 15-headed hydra bites you but does no damage.
The 15-headed hydra misses you. x2; You block the 15-headed hydra's attack.
The 15-headed hydra completely misses you. x2
The 15-headed hydra closely misses you.
You hack one of the 15-headed hydra's heads off!
The 14-headed hydra grows two more!
You hit the 16-headed hydra.
The 16-headed hydra is severely wounded.
The 16-headed hydra bites you! You block the 16-headed hydra's attack.
The 16-headed hydra barely misses you. The 16-headed hydra bites you.
The 16-headed hydra closely misses you.
The 16-headed hydra bites you but does no damage.
The 16-headed hydra barely misses you.
The 16-headed hydra completely misses you.
The 16-headed hydra bites you.
You emit a cloud of foul miasma!
You block the 16-headed hydra's attack.
The 16-headed hydra bites you but does no damage. x2
The 16-headed hydra misses you.
The 16-headed hydra bites you but does no damage.
The 16-headed hydra bites you. You block the 16-headed hydra's attack.
You chop one of the 16-headed hydra's heads off!
The 15-headed hydra grows two more!
You slash the 17-headed hydra!
The 17-headed hydra is severely wounded.
You feel like a meek peon again.
You hack one of the 17-headed hydra's heads off!
The 16-headed hydra grows two more!
You slash the 18-headed hydra!
The 18-headed hydra is heavily wounded.
The 18-headed hydra is engulfed in dark miasma.
The 18-headed hydra is poisoned.
The 18-headed hydra bites you.
The 18-headed hydra bites you but does no damage.
The 18-headed hydra bites you.
* * * LOW HITPOINT WARNING * * *
The 18-headed hydra bites you!
* * * LOW HITPOINT WARNING * * *
The 18-headed hydra closely misses you. The 18-headed hydra bites you!
* * * LOW HITPOINT WARNING * * *
A demonic guardian appears!
The 18-headed hydra closely misses you. The 18-headed hydra misses you.
The 18-headed hydra bites you!
* * * LOW HITPOINT WARNING * * *
You block the 18-headed hydra's attack. The 18-headed hydra bites you!
You die...

#................P♣♣♣♣♣♣.........
.......^..........♣ ♣.........
..................♣ ♣.........
#.................♣ ♣..P......
#####.##..P...#.Y.♣ ♣..P......
###...###..#.###Y♣♣ ♣♣..#.....
#.#...###.##.# #Y♣ #....
P......#...#.###D♣ .# #..P.
........#..#..##@♣ .P##....
.......P#..#.###2♣ ......P.
..........##.###.♣ ........
.......#......#..♣ ........
.................♣♣ ..#.....
......##..........♣≈..♣♣ ........
.....###......P...♣≈.♣≈♣ ##...#..
..................♣≈..≈♣......###
..................♣≈..≈ .PP... #


You could see a 18-headed hydra (poisoned, ally target), 3 elephants and a
friendly lorocyproca (summoned, invisible).

Vanquished Creatures
  A hydra (Lair:2)
  A two-headed ogre (D:9)
  A bog body (Lair:4)
  An ugly thing (D:10)
  A deep elf pyromancer (D:11)
  8 elephants
  A cyclops (D:11)
  4 black mambas
  4 cane toads
  A rime drake (Lair:4)
  An unseen horror (D:11)
  2 komodo dragons
  A troll (D:11)
  A polar bear (Lair:2)
  3 blink frogs (Lair:2)
  A hornet (D:7)
  7 dream sheep (Lair:4)
  A wyvern (Lair:4)
  A shadow (D:10)
  41 yaks
  2 basilisks
  7 water moccasins
  A swamp worm (Lair:4)
  4 nagas (Lair:3)
  3 acid dragons
  A sky beast (D:5)
  4 orc warriors
  2 necrophages (D:7)
  An ice beast (D:6)
  4 centaurs
  7 wolves (Lair:1)
  2 black bears
  2 ogres
  A phantom (D:7)
  3 kobold brigands
  2 wyvern zombies (D:8)
  15 bullfrogs
  5 scorpions
  A water moccasin zombie (D:7)
  6 killer bees (D:10)
  12 wights
  6 howler monkeys
  An electric eel (Lair:1)
  A bullfrog zombie (D:5)
  8 centaur zombies
  A bullfrog skeleton (D:6)
  A hound (D:4)
  2 jellies
  3 orc priests
  An iguana (D:6)
  6 orc wizards
  2 killer bee zombies
  2 howler monkey zombies (D:8)
  16 adders
  3 river rats (D:6)
  A shadow imp (D:7)
  3 ufetubi (D:5)
  An adder skeleton (D:4)
  9 worms
  2 dart slugs
  34 orcs
  15 endoplasms
  17 giant cockroaches
  9 hobgoblins
  8 jackals
  15 quokkas
  16 ball pythons
  2 bats
  13 frilled lizards
  10 goblins
  21 kobolds
  10 rats
406 creatures vanquished.

Vanquished Creatures (collateral kills)
  A cane toad (Lair:1)
  A komodo dragon (Lair:1)
  2 yaks
  A basilisk (Lair:1)
  An orc warrior (D:11)
  Blork the orc (D:4)
  A centaur zombie (D:8)
  2 orc priests (D:9)
  3 orcs
  An endoplasm (Sewer)
  2 kobolds (D:8)
16 creatures vanquished.

Vanquished Creatures (others)
  16 fungi
  33 plants
49 creatures vanquished.

Grand Total: 471 creatures vanquished

Notes
Turn   | Place    | Note
-------+----------+-------------------------------------------
     0 | D:1      | daftaero the Demonspawn Gladiator began the quest for the
                  | Orb.
     0 | D:1      | Reached XP level 1. HP: 16/16 MP: 1/1
    50 | D:1      | Found a faded altar of an unknown god.
   267 | D:1      | Gained mutation: You have sharp toenails. [demonic
                  | ancestry]
   267 | D:1      | Reached XP level 2. HP: 21/23 MP: 2/2
   879 | D:2      | Reached XP level 3. HP: 11/28 MP: 3/3
  1219 | D:2      | Found Raogrone's Assorted Antiques.
  1332 | D:2      | Reached skill level 1 in Shields
  1399 | D:2      | Reached skill level 3 in Fighting
  1800 | D:2      | Reached XP level 4. HP: 35/35 MP: 4/4
  1988 | D:3      | Found a stormy altar of Qazlal.
  2069 | D:3      | Noticed a moth of wrath
  2072 | D:3      | Found a bloodstained altar of Trog.
  2479 | D:3      | Gained mutation: Your movements are slightly less
                  | encumbered by armour. (ER -2) [demonic ancestry]
  2479 | D:3      | Reached XP level 5. HP: 40/41 MP: 5/5
  2801 | D:4      | Reached skill level 4 in Fighting
  2804 | D:4      | Gained mutation: A weak demonic guardian rushes to your
                  | aid. [demonic ancestry]
  2804 | D:4      | Reached XP level 6. HP: 46/48 MP: 6/6
  2842 | D:4      | Noticed Blork the orc
  2858 | D:4      | Killed Blork the orc
  2928 | D:4      | Gained mutation: A demonic guardian rushes to your aid.
                  | [demonic ancestry]
  2928 | D:4      | Reached XP level 7. HP: 48/55 MP: 7/7
  3172 | D:5      | Entered Level 5 of the Dungeon
  3226 | D:5      | Reached skill level 5 in Fighting
  3226 | D:5      | Reached skill level 5 in Long Blades
  3273 | D:5      | Found a shimmering altar of Xom.
  3867 | D:6      | Reached skill level 1 in Armour
  3867 | D:6      | Gained mutation: Your movements are less encumbered by
                  | armour. (ER -4) [demonic ancestry]
  3867 | D:6      | Reached XP level 8. HP: 48/64 MP: 8/8
  4028 | D:6      | Reached skill level 6 in Fighting
  4052 | D:6      | Found a glowing drain.
  4082 | Sewer    | Entered a sewer
  4633 | D:6      | Found Etiuphuma's Antique Weapon Boutique.
  4641 | D:6      | Bought a bloodstained rapier for 297 gold pieces
  4641 | D:6      | Identified the +6 rapier of Instant Death {vorpal, Fragile
                  | rC+ Stlth+} (You bought it in a shop on level 6 of the
                  | Dungeon)
  4994 | D:7      | Identified the ring "Rocun" {+Blink rF- rC+ Int-4 Slay+6
                  | Stlth+}
  4994 | D:7      | Noticed a hornet
  5030 | D:7      | Gained mutation: A powerful demonic guardian rushes to your
                  | aid. [demonic ancestry]
  5030 | D:7      | Reached XP level 9. HP: 26/67 MP: 9/9
  5118 | D:7      | Found an opulent altar of Gozag.
  5264 | D:7      | Reached skill level 7 in Fighting
  5435 | D:7      | Found a broken altar of Ashenzari.
  5439 | D:7      | Identified the +4 trident of the Absolute Madman {vorpal,
                  | *Rage Str+8}
  5482 | D:7      | Reached skill level 5 in Dodging
  5706 | D:7      | Found a staircase to the Ecumenical Temple.
  5723 | Temple   | Entered the Ecumenical Temple
  5981 | Temple   | Became a worshipper of Warmaster Okawaru
  6457 | D:8      | Reached * piety under Okawaru
  6506 | D:8      | Reached skill level 8 in Fighting
  6506 | D:8      | Reached skill level 5 in Armour
  6529 | D:8      | Gained mutation: You may rarely emit foul miasma when
                  | damaged in melee. [demonic ancestry]
  6529 | D:8      | Reached XP level 10. HP: 80/80 MP: 10/10
  6662 | D:8      | Reached ** piety under Okawaru
  6707 | D:8      | Found a hide-covered altar of Uskayaw.
  6756 | D:8      | Found a basalt altar of Yredelemnul.
  6957 | D:8      | Found a staircase to the Lair.
  7428 | D:9      | Found a radiant altar of Vehumet.
  7435 | D:9      | Found a shimmering blue altar of Sif Muna.
  7435 | D:9      | Found an ancient bone altar of Kikubaaqudgha.
  7440 | D:9      | Got Sif Muna's Compendium of the Voyage
  7476 | D:9      | Noticed a two-headed ogre
  7483 | D:9      | Killed a two-headed ogre
  7483 | D:9      | Reached *** piety under Okawaru
  7616 | D:9      | Reached skill level 9 in Fighting
  7929 | D:10     | Entered Level 10 of the Dungeon
  7944 | D:10     | Found a sparkling altar of Nemelex Xobeh.
  7944 | D:10     | Noticed a yaktaur captain
  7944 | D:10     | Noticed a cyclops
  7946 | D:10     | Found a transporter.
  8066 | D:10     | Noticed a red ugly thing
  8079 | D:10     | Killed a red ugly thing
  8083 | D:10     | Identified a scroll of acquirement
  8083 | D:10     | Acquired a +2 cloak of poison resistance
  8209 | D:10     | Reached **** piety under Okawaru
  8240 | D:10     | Reached XP level 11. HP: 65/89 MP: 11/11
  8629 | D:10     | Found a portal to a secret trove of treasure.
  9969 | D:12     | Noticed a deep elf pyromancer
  9971 | D:12     | Noticed a red ugly thing
  9971 | D:12     | Noticed a two-headed ogre
  9990 | D:11     | Killed a deep elf pyromancer
  9990 | D:11     | Reached ***** piety under Okawaru
 10087 | Lair:1   | Entered Level 1 of the Lair of Beasts
 10510 | Lair:1   | Learned a level 4 spell: Fulminant Prism
 10880 | Lair:1   | Reached skill level 1 in Conjurations
 10885 | Lair:1   | Reached skill level 1 in Spellcasting
 11476 | Lair:1   | Reached skill level 10 in Fighting
 11604 | Lair:1   | Received a gift from Okawaru
 12445 | Lair:2   | Received a gift from Okawaru
 12509 | Lair:2   | Noticed a five-headed hydra
 12829 | Lair:2   | Gained mutation: You have razor-sharp toenails. [demonic
                  | ancestry]
 12829 | Lair:2   | Reached XP level 12. HP: 82/97 MP: 15/15
 13039 | Lair:2   | Killed an eight-headed hydra
 13040 | Lair:2   | Reached skill level 1 in Slings
 13498 | Lair:3   | Noticed a six-headed hydra
 14048 | Lair:4   | Reached skill level 10 in Long Blades
 14307 | Lair:4   | Reached ****** piety under Okawaru
 15163 | Lair:3   | Reached skill level 11 in Fighting
 15164 | Lair:3   | Received a gift from Okawaru
 15293 | Lair:3   | Found a staircase to the Snake Pit.
 15681 | Lair:4   | Noticed a six-headed hydra
 16013 | Lair:4   | HP: 2/100 [18-headed hydra (9)]
 16013 | Lair:4   | Slain by an 18-headed hydra

Illustrated notes

Levels and vault maps discovered:
D:1:      lightli_arrival_lavapool, layout_rooms,
          dreamdust_ecumenical_altar_statues, minmay_fountain_box
D:2:      minmay_razor_zed, layout_basic, serial_shops, shop_coins,
          moated_statue, st_stairs_2
D:3:      minmay_recursive_quarters, layout_rooms, nicolae_tso_carved_into_rock,
          tgw_trog, nicolae_qazlal_general_emergency
D:4:      layout_gridville, uniq_blork_the_orc
D:5:      layout_gridville, xom_teletrap_fun
D:6:      layout_rooms, serial_shops, shop, lightli_sewer_entry_pipes
D:7:      layout_basic, general_overflow_altar, mainiacjoe_overflow_chevrons,
          mainiacjoe_overflow_catwalk, minmay_temple_entry_offerings
D:8:      corexii_shack_village, layout_loops_ring, nicolae_uskayaw_dance_hall,
          nicolae_yredelemnul_corpse_copse
D:9:      layout_stronghold, grunt_temple_overflow_magic_moments,
          minmay_misc_feat_ornament
D:10:     layout_long_grid, grunt_nemelex_the_gamble,
          nicolae_trove_entry_free_sample
D:11:     layout_cave_pods
D:12:     kennysheep_ambush_hall, layout_small_grid, orc_david_3,
          grunt_ministairs_10, hangedman_glass_teeth, uniq_azrael
Temple:   jpeg_temple_island
Lair:1:   layout_cave_pods, serial_bayou_shore_a, serial_bayou_shore_b,
          lemuel_fruit_tree
Lair:2:   layout_regular_city, serial_bayou_shore_b
Lair:3:   layout_chaotic_city, minmay_snake_entry_guardpost_medium
Lair:4:   layout_gridlike, nicolae_swamp_entry_splash_gauntlet,
          serial_bayou_pond_c, grunt_megastairs_4

Skill      XL: |  1  2  3  4  5  6  7  8  9 10 11 12 |
---------------+-------------------------------------+-----
Long Blades    | 3 4 5 6 7 8 9 10 | 10.5
Shields        | 1 2 3 4 |  4.2
Fighting       | 3 4 5 6 8 9 10 11 | 11.1
Armour         | 1 3 5 6 7 9 |  9.0
Dodging        | 3 4 5 7 8 9 |  9.4
Conjurations   | 2 |  2.5
Spellcasting   | 2 |  2.3
Slings         | 4 |  4.0
Throwing       | |  1.7
Hexes          | |  0.7

Action                   |  1- 3 |  4- 6 |  7- 9 | 10-12 || total
-------------------------+-------+-------+-------+-------++-------
Melee: Long sword        |   110 |   161 |   301 |       ||   572
       Kick              |    20 |     3 |       |       ||    23
       Scimitar          |       |       |   149 |   706 ||   855
Throw: Throwing net      |       |     3 |       |     2 ||     5
Invok: Heroism           |       |       |       |     1 ||     1
Evoke: Wand              |       |       |       |     5 ||     5
  Use: Scroll            |       |     4 |     2 |    11 ||    17
       Potion            |       |       |       |     1 ||     1
 Stab: Sleeping          |     2 |       |       |       ||     2
       Held in net/web   |       |     1 |       |       ||     1
       Distracted        |       |       |     1 |     1 ||     2
Armor: Leather armour    |    37 |    29 |       |       ||    66
       Scale mail        |       |    40 |   171 |   261 ||   472
Dodge: Dodged            |    77 |   100 |   244 |   442 ||   863
Block: Buckler           |    12 |    48 |   148 |   381 ||   589
       Reflection        |       |       |       |     5 ||     5
       Rpst.: Long sword |    20 |    27 |    59 |       ||   106
       Scimitar          |       |       |    18 |   106 ||   124
